 Dungeon Crawl Stone Soup version 0.29.1-1-gd02db6906a (webtiles) character file.

Game seed: 15093384818716734967

28038 Demigod47 the Basher (level 13, 0/111 HPs)
             Began as a Minotaur Fighter on Oct 6, 2022.
             Was a High Priest of Nemelex Xobeh.
             Slain by a culicivora (15 damage)
             ... on level 1 of the Spider Nest.
             The game lasted 00:56:18 (12541 turns).

Demigod47 the Basher (Minotaur Fighter)            Turns: 12541, Time: 00:56:18

Health: 0/111      AC: 18    Str: 30    XL:     13   Next: 7%
Magic:  12/12      EV: 10    Int:  5    God:    Nemelex Xobeh [*****.]
Gold:   1220       SH:  7    Dex: 16    Spells: 12/12 levels left

rFire   . . .      SeeInvis .   u - +3 flail (spect)
rCold   . . .      Faith    .   c - +0 buckler
rNeg    . . .      Spirit   .   Z - +0 plate armour
rPois   .          Reflect  .   (helmet restricted)
rElec   .          Harm     .   f - +1 cloak
rCorr   .          Rampage  .   (no gloves)
Will    .....                   (no boots)
Stlth   ..........              g - amulet of regeneration
HPRegen 1.08/turn               p - +6 ring of dexterity
MPRegen 0.13/turn               t - +6 ring of strength

@: no status effects
A: horns 2, retaliatory headbutt, weak 1
a: Renounce Religion, Draw Escape, Draw Destruction, Draw Summoning, Triple
Draw, Deal Four, Stack Five


You were on level 1 of the Spider Nest.
You worshipped Nemelex Xobeh.
Nemelex Xobeh was extremely pleased with you.
You visited 4 branches of the dungeon, and saw 15 of its levels.
You also visited: Bailey.

You collected 1220 gold pieces.

Inventory:

Hand Weapons
 u - a +3 spectral flail (weapon)
 C - a +3 flail of protection
 E - the +1 long sword "Hellblazer" {holy, *Corrode rN++ Int+3 SInv}
   (You found it on level 6 of the Dungeon)

   It has been blessed by the Shining One to cause great damage to the undead
   and demons.
   Int:       It affects your intelligence (+3).
   rN:        It greatly protects you from negative energy.
   SInv:      It lets you see invisible.
   *Corrode:  It may corrode you when you take damage.
 H - a +2 sling of flaming
Missiles
 k - 39 poisoned darts (quivered)
 n - 167 stones
 r - 5 javelins
 v - 3 boomerangs
 B - 4 large rocks
Armour
 c - a +0 buckler (worn)
 f - a +1 cloak (worn)
 y - a scarf of resistance
 R - a +1 chain mail of fire resistance
 Z - a +0 plate armour (worn)
Jewellery
 d - a ring of flight
 g - an amulet of regeneration (around neck)
 o - a +6 ring of strength
 p - a +6 ring of dexterity (left hand)
 t - a +6 ring of strength (right hand)
 x - a ring of poison resistance
 O - the amulet of Vuotz {Reflect Regen+ rCorr Str-5 Slay+4 SH+5}
   (You found it in a bailey)

   [amulet of reflection]

   It reflects blocked missile attacks.
   Str:       It affects your strength (-5).
   Slay:      It affects your accuracy & damage with ranged weapons and melee
   (+4).
   Regen:     It increases your rate of health regeneration.
   rCorr:     It protects you from acid and corrosion.
   SH:        It affects your SH (+5).
Wands
 j - a wand of flame (48)
 q - a wand of roots (11)
 w - a wand of digging (5)
 z - a wand of charming (14)
 Q - a wand of light (10)
 S - a wand of mindburst (10)
Scrolls
 a - a scroll of identify
 b - 2 scrolls of enchant armour
 e - 5 scrolls of teleportation
 h - a scroll of brand weapon
 l - 6 scrolls of fear
 m - a scroll of immolation
 L - 3 scrolls of blinking
 U - 2 scrolls of amnesia
Potions
 i - 6 potions of curing
 A - 5 potions of brilliance
 D - a potion of cancellation
 I - 3 potions of attraction
 M - 3 potions of haste
 X - a potion of might
Miscellaneous
 T - a piece from Xom's chessboard (15/15)


   Skills:
 + Level 9.4 Fighting
 + Level 14.4 Maces & Flails
 + Level 13.5 Armour
 + Level 5.2 Dodging
 + Level 9.8 Stealth
 + Level 9.6 Shields
 + Level 0.3 Evocations


You had 12 spell levels left.
You didn't know any spells.
Your spell library contained the following spells:

 Spells                   Type           Power      Damage    Failure   Level
 Sandblast                Erth           0%         2d4       98%         1
 Blink                    Tloc           0%         N/A       99%         2
 Passwall                 Tmut/Erth      0%         N/A       99%         2
 Sublimation of Blood     Necr           0%         N/A       99%         2
 Wereblood                Tmut           0%         N/A       99%         2
 Gell's Gravitas          Tloc           0%         N/A       100%        3
 Lesser Beckoning         Tloc           0%         N/A       100%        3
 Stone Arrow              Conj/Erth      0%         3d7       100%        3
 Teleport Other           Tloc           0%         N/A       100%        3
 Tukima's Dance           Hex            0%         N/A       100%        3
 Anguish                  Hex/Necr       0%         N/A       100%        4
 Animate Armour           Summ/Erth      0%         N/A       100%        4
 Passage of Golubria      Tloc           0%         N/A       100%        4
 Blade Hands              Tmut           0%         N/A       100%        5
 Manifold Assault         Tloc           0%         N/A       100%        5
 Yara's Violent Unravell  Hex/Tmut       0%         3d3       100%        5
 Iron Shot                Conj/Erth      0%         9d1       100%        6
 Enfeeble                 Hex            0%         N/A       100%        7
 Summon Hydra             Summ           0%         N/A       100%        7
 Borgnjor's Revivificati  Necr           0%         N/A       100%        8
 Necromutation            Tmut/Necr      0%         N/A       100%        8
 Death's Door             Necr           0%         N/A       100%        9


Dungeon Overview and Level Annotations

Branches:
Dungeon (10/15)            Temple (1/1) D:6            Lair (3/5) D:10
  Swamp (0/4) Lair:3       Spider (1/4) Lair:3          Orc (0/2) D:9
 Bailey (visited)

Altars:
Ashenzari
Cheibriados
Dithmenos
Elyvilon
Fedhas
Gozag
Hepliaklqana
Kikubaaqudgha
Makhleb
Nemelex Xobeh
Okawaru
Qazlal
Ru
Sif Muna
Trog
Uskayaw
Vehumet
Wu Jian
Xom
Yredelemnul
Zin
The Shining One

Shops:
D:8 *

Portals:
Trove: D:10 (give +4 demon whip)


Innate Abilities, Weirdness & Mutations

You have a pair of horns on your head.
You reflexively headbutt those who attack you in melee.
You are weak. (Str -2)


Message History

You are lethally poisoned!
The redback poisons you! The culicivora bites you!
* * * LOW HITPOINT WARNING * * *
The culicivora draws strength from your injuries!
You feel much better.
* * * LOW HITPOINT WARNING * * *
You feel extremely sick.
The culicivora's wounds heal themselves!
The redback misses you. The culicivora bites you!!
* * * LOW HITPOINT WARNING * * *
The culicivora draws strength from your injuries!
* * * LOW HITPOINT WARNING * * *
You feel extremely sick. The redback closely misses you.
The redback is healed somewhat.
You feel much better.
You feel very sick.
The redback bites you but does no damage.
The redback is healed somewhat.
You draw a card...
You have drawn Velocity.
The redback seems to slow down.
The culicivora seems to slow down. x2
You feel very sick.
The redback's wounds heal themselves!
The redback bites you but does no damage.
You miss the redback.
Your +3 spectral flail hits the redback!
You feel very sick.
The redback's wounds heal themselves!
The redback bites you.
* * * LOW HITPOINT WARNING * * *
You are lethally poisoned!
The redback poisons you!
* * * LOW HITPOINT WARNING * * *
You feel extremely sick.
You feel better. The redback bites you.
* * * LOW HITPOINT WARNING * * *
You closely miss the culicivora. Your headbutt misses the culicivora.
Your +3 spectral flail hits the culicivora!
The culicivora barely misses your +3 spectral flail.
The culicivora bites you!
You die...
Your body glows slightly and disappears.

.... .............
.... ............ #.
... ..#........ ##..
#.## #.#........
#...###.####.#$.......
#.........#..§.......
#.........†s##.......
#........§(s# .......
#........§s@# #......
.#..........# ###...
#..........# #..
#........<.# .#
#.#...####.## # ###..
.## ... .. .......
........


You could see 2 culicivoras, a redback (slow) and a friendly +3 spectral flail
(summoned).

Vanquished Creatures
  2 hydras
  A boulder beetle (Lair:1)
  A jorogumo (Spider:1)
  2 bog bodies (Lair:3)
  The ghost of Colgate the Ruffian, a novice FoHu of Ru (D:6)
  2 cyclopes (Lair:2)
  6 black mambas
  3 elephants (Lair:2)
  A gargoyle (Bailey)
  4 cane toads
  A rime drake (Lair:3)
  2 unseen horrors (D:10)
  4 komodo dragons
  A troll (D:10)
  Prince Ribbit (D:6)
  2 tarantellas (Spider:1)
  9 blink frogs
  A dream sheep (Lair:2)
  A jumping spider (Spider:1)
  A culicivora (Spider:1)
  Sigmund (D:5)
  A shadow (D:10)
  A vampire (Bailey)
  3 basilisks
  10 yaks
  A wyvern (Lair:2)
  A steam dragon (D:8)
  3 wargs (D:9)
  An acid dragon (D:8)
  12 water moccasins
  An orc warrior (D:9)
  3 ice beasts
  A black bear (D:7)
  2 ogres (D:5)
  3 centaurs
  5 wolves (Lair:2)
  4 kobold brigands
  11 bullfrogs
  2 gnoll sergeants
  A necrophage (D:6)
  4 scorpions
  4 wights (D:9)
  9 killer bees (D:8)
  5 wolf zombies (Bailey)
  8 vampire bats (Bailey)
  An electric eel (D:8)
  4 howler monkeys
  3 jellies
  A hound (D:7)
  8 orc priests
  Ijyb (D:3)
  An orc wizard (D:3)
  2 iguanas (D:6)
  9 gnolls
  6 adders
  A shadow imp (D:8)
  2 white imps
  An ufetubus (D:4)
  2 worms
  3 dart slugs
  24 orcs
  6 bats
  5 endoplasms
  3 giant cockroaches
  8 goblins
  3 hobgoblins
  6 jackals
  5 quokkas
  7 ball pythons
  A frilled lizard (D:2)
  18 kobolds
  18 orc zombies (Bailey)
  A rat (D:2)
  A fungus (Lair:1)
294 creatures vanquished.

Vanquished Creatures (collateral kills)
  The ghost of mif the Basher, a novice MiBe of Trog (D:5)
  A steam dragon (D:6)
  Edmund (D:6)
  An orc warrior (D:7)
  A centaur (D:10)
  A wight (D:5)
  An orc priest (D:7)
  An orc (D:7)
  2 kobolds (D:10)
10 creatures vanquished.

Vanquished Creatures (others)
  A kobold (D:8)
  17 fungi
  17 plants
35 creatures vanquished.

Grand Total: 339 creatures vanquished

Notes
Turn   | Place    | Note
-------+----------+-------------------------------------------
     0 | D:1      | Demigod47 the Minotaur Fighter began the quest for the Orb.
     0 | D:1      | Reached XP level 1. HP: 19/19 MP: 0/0
   302 | D:1      | Reached XP level 2. HP: 26/27 MP: 1/1
   786 | D:2      | Reached skill level 3 in Maces & Flails
   820 | D:2      | Reached XP level 3. HP: 28/33 MP: 2/2
   976 | D:2      | Reached skill level 1 in Dodging
  1213 | D:2      | Found a sparkling altar of Nemelex Xobeh.
  1226 | D:2      | Became a worshipper of Nemelex Xobeh the Trickster
  1877 | D:3      | Reached * piety under Nemelex Xobeh
  1916 | D:3      | Received a gift from Nemelex Xobeh
  1960 | D:3      | Reached XP level 4. HP: 40/40 MP: 3/3
  2051 | D:3      | Found a faded altar of an unknown god.
  2332 | D:3      | Noticed Ijyb
  2339 | D:3      | Killed Ijyb
  2340 | D:3      | Reached skill level 4 in Maces & Flails
  2678 | D:4      | Found a broken altar of Ashenzari.
  2691 | D:4      | Reached XP level 5. HP: 46/46 MP: 4/4
  2700 | D:4      | Received a gift from Nemelex Xobeh
  2729 | D:4      | Found a hazy altar of Hepliaklqana.
  2800 | D:4      | Reached skill level 5 in Armour
  3099 | D:4      | Found an iron altar of Okawaru.
  3111 | D:4      | Reached ** piety under Nemelex Xobeh
  3117 | D:4      | Found a sparkling altar of Nemelex Xobeh.
  3140 | D:4      | Noticed a water moccasin
  3150 | D:4      | Killed a water moccasin
  3151 | D:4      | Reached skill level 5 in Maces & Flails
  3151 | D:4      | Reached XP level 6. HP: 53/53 MP: 5/5
  3182 | D:4      | Identified a scroll of acquirement
  3182 | D:4      | Acquired 327 gold pieces
  3520 | D:5      | Entered Level 5 of the Dungeon
  3543 | D:5      | Received a gift from Nemelex Xobeh
  3622 | D:5      | Found a runed translucent gate.
  3624 | D:5      | Found a runed translucent gate.
  3625 | D:5      | Found a runed translucent gate.
  3626 | D:5      | Found an opulent altar of Gozag.
  3627 | D:5      | Noticed mif's ghost (novice MiBe)
  3858 | D:5      | Found a shadowy altar of Dithmenos.
  3889 | D:5      | Noticed an ice beast
  3896 | D:5      | Killed an ice beast
  3897 | D:5      | Reached skill level 5 in Fighting
  3897 | D:5      | Reached XP level 7. HP: 43/61 MP: 6/6
  3934 | D:5      | Reached skill level 6 in Maces & Flails
  3934 | D:5      | Reached skill level 1 in Stealth
  4138 | D:5      | Noticed Sigmund
  4151 | D:5      | Killed Sigmund
  4203 | D:5      | Found a bloodstained altar of Trog.
  4500 | D:5      | Reached skill level 7 in Maces & Flails
  4831 | D:5      | Reached XP level 8. HP: 69/69 MP: 7/7
  4856 | D:5      | Killed mif's ghost
  4859 | D:5      | Reached skill level 8 in Maces & Flails
  4992 | D:6      | Noticed Prince Ribbit
  5000 | D:6      | Killed Prince Ribbit
  5001 | D:6      | Reached skill level 5 in Shields
  5005 | D:6      | Reached *** piety under Nemelex Xobeh
  5110 | D:6      | Noticed Edmund
  5119 | D:6      | Killed Edmund
  5156 | D:6      | Found a burning altar of Makhleb.
  5173 | D:6      | Found an opulent altar of Gozag.
  5407 | D:6      | Received a gift from Nemelex Xobeh
  5427 | D:6      | Found a staircase to the Ecumenical Temple.
  5444 | D:6      | Identified the +1 long sword "Hellblazer" {holy, *Corrode
                  | rN++ Int+3 SInv}
  5456 | Temple   | Entered the Ecumenical Temple
  5554 | D:6      | Reached XP level 9. HP: 75/75 MP: 8/8
  5574 | D:6      | Found a hide-covered altar of Uskayaw.
  5589 | D:6      | Found a radiant altar of Vehumet.
  5605 | D:6      | Found an ancient bone altar of Kikubaaqudgha.
  5680 | D:6      | Found a large runed translucent door.
  5680 | D:6      | Found a large runed translucent door.
  5683 | D:6      | Noticed Colgate's ghost (novice FoHu)
  5820 | D:6      | Killed Colgate's ghost
  5821 | D:6      | Reached skill level 9 in Maces & Flails
  6235 | D:7      | Found an iron altar of Okawaru.
  6443 | D:7      | Reached skill level 10 in Maces & Flails
  6598 | D:8      | Found Johof's Neck Hole.
  6712 | D:8      | Identified the -1 trident "Lost" {protect, rCorr}
  6721 | D:8      | Reached skill level 11 in Maces & Flails
  6802 | D:8      | Found an ornate altar of the Wu Jian Council.
  6832 | D:8      | Found a glowing silver altar of Zin.
  6980 | D:8      | Reached XP level 10. HP: 83/84 MP: 9/9
  6996 | D:8      | Reached **** piety under Nemelex Xobeh
  7333 | D:9      | Found a flagged portal.
  7346 | Bailey   | Entered a bailey
  7455 | Bailey   | Noticed a gargoyle
  7460 | Bailey   | Killed a gargoyle
  7499 | Bailey   | Identified the amulet of Vuotz {Reflect Regen+ rCorr Str-5
                  | Slay+4 SH+5}
  7513 | Bailey   | Gained mutation: You are somewhat resistant to further
                  | mutation. [potion of mutation]
  7513 | Bailey   | Gained mutation: Your muscles are strong. (Str +4, Int/Dex
                  | -1) [potion of mutation]
  7514 | Bailey   | Reached XP level 11. HP: 92/92 MP: 10/10
  7710 | Bailey   | Found the +2 cloak of the Thief {*Fog Slay-2 SInv Stlth+}
  7869 | D:9      | Received a gift from Nemelex Xobeh
  7954 | D:9      | Found a staircase to the Orcish Mines.
  8155 | D:9      | Found a glowing golden altar of the Shining One.
  8527 | D:10     | Entered Level 10 of the Dungeon
  8552 | D:10     | Reached skill level 12 in Maces & Flails
  8552 | D:10     | Reached skill level 10 in Armour
  8846 | D:10     | Found a portal to a secret trove of treasure.
  9181 | D:10     | Found a staircase to the Lair.
  9285 | D:10     | Found a snail-covered altar of Cheibriados.
  9341 | Lair:1   | Entered Level 1 of the Lair of Beasts
  9372 | Lair:1   | Noticed a boulder beetle
  9395 | Lair:1   | Killed a boulder beetle
  9396 | Lair:1   | Reached skill level 5 in Dodging
  9616 | Lair:1   | Received a gift from Nemelex Xobeh
  9617 | Lair:1   | Reached ***** piety under Nemelex Xobeh
  9723 | Lair:1   | Received a gift from Nemelex Xobeh
 10036 | Lair:1   | Received a gift from Nemelex Xobeh
 10040 | Lair:1   | Reached XP level 12. HP: 64/101 MP: 11/11
 10237 | Lair:1   | Received a gift from Nemelex Xobeh
 10463 | Lair:2   | Noticed a five-headed hydra
 10470 | Lair:2   | Killed a five-headed hydra
 10471 | Lair:2   | Reached skill level 13 in Maces & Flails
 10958 | Lair:2   | Received a gift from Nemelex Xobeh
 11248 | Lair:3   | Noticed a six-headed hydra
 11266 | Lair:3   | Killed a six-headed hydra
 11278 | Lair:3   | Reached skill level 14 in Maces & Flails
 11376 | Lair:3   | Found a hole to the Spider Nest.
 11759 | Lair:3   | Received a gift from Nemelex Xobeh
 11783 | Lair:3   | Reached XP level 13. HP: 54/111 MP: 12/12
 11940 | Lair:3   | Found a blossoming altar of Fedhas.
 12014 | Lair:3   | Found a staircase to the Swamp.
 12026 | Lair:3   | Lost mutation: You are somewhat resistant to further
                  | mutation. [potion of mutation]
 12026 | Lair:3   | Lost mutation: Your muscles are strong. (Str +4, Int/Dex
                  | -1) [potion of mutation]
 12026 | Lair:3   | Gained mutation: You are weak. (Str -2) [potion of
                  | mutation]
 12477 | Spider:1 | Entered Level 1 of the Spider Nest
 12499 | Spider:1 | Paralysed by a jorogumo for 3 turns
 12535 | Spider:1 | HP: 3/111 [poisoned by a redback]
 12541 | Spider:1 | Slain by a culicivora

Illustrated notes

Levels and vault maps discovered:
D:1:      matt_arrival_diagonals, layout_basic
D:2:      layout_loops_corners, basic_altar, minmay_split_cup_large
D:3:      layout_loops_ring, basic_ecumenical_altar, minmay_misc_feat_hallway,
          uniq_ijyb
D:4:      layout_basic, minitemple, nicolae_hepliaklqana_hazy_memory,
          ashenzari_conservatory_becter, minmay_misc_feat_x
D:5:      layout_loops_corners, nicolae_overflow_crystal_walls,
          nicolae_dithmenos_the_darkroom, ebering_ghost_gozag,
          chequers_serial_rivers_micro_d, uniq_sigmund
D:6:      layout_cave_pools, minmay_overflow_temple_star_quad,
          mainiacjoe_overflow_catwalk_spiral, minmay_temple_entry_mist,
          ebering_ghost_disaster_area, uniq_prince_ribbit1, uniq_edmund
D:7:      layout_loops_cross, kennysheep_nub, david_defended_altar_orc
D:8:      layout_basic, pdpol_wu_jian_five_deadly_venoms,
          overflow_temple_1_default, hellmonk_bongcloud_opening,
          nicolae_shop_sticking_my_neck_out
D:9:      layout_rooms, tso_metal_star, david_orc_1_choice, enter_bailey_3
D:10:     layout_basic, marbit_many_paths, lair_entry_dummy,
          nicolae_trove_entry_crossroad, nicolae_two_hexagons
Temple:   nicolae_temple_great_sept
Lair:1:   layout_regular_city, beast_lair_carwin_9
Lair:2:   layout_regular_city
Lair:3:   layout_cave_pods, skrybe_swamp_entry_bodies,
          spider_nest_entry_web_field, basic_altar, infiniplex_staircase_pool_2,
          grunt_megastairs_3
Spider:1: layout_chambers

Skill      XL: |  1  2  3  4  5  6  7  8  9 10 11 12 |
---------------+-------------------------------------+-----
Armour         | 4 5 6 8 9 11 13 | 13.5
Maces & Flails | 3 4 5 7 8 11 12 14 | 14.4
Dodging        | 1 2 3 4 5 |  5.2
Shields        | 4 5 6 8 9 |  9.6
Fighting       | 4 5 6 7 8 9 |  9.4
Stealth        | 1 2 9 |  9.8
Evocations     | |  0.3

Action                   |  1- 3 |  4- 6 |  7- 9 | 10-12 | 13-15 || total
-------------------------+-------+-------+-------+-------+-------++-------
Melee: Flail             |    88 |    64 |   118 |   366 |    25 ||   661
       Headbutt          |     6 |    15 |    24 |   109 |     4 ||   158
Invok: Draw Summoning    |       |       |     5 |     1 |       ||     6
       Draw Destruction  |       |       |     6 |     4 |       ||    10
       Draw Escape       |       |       |       |     3 |     2 ||     5
Evoke: Wand              |       |       |     1 |       |       ||     1
  Use: Potion            |       |    10 |     4 |     7 |     7 ||    28
       Scroll            |       |     5 |     2 |     4 |       ||    11
 Stab: Distracted        |       |     1 |       |     7 |     1 ||     9
       Sleeping          |       |       |       |     1 |       ||     1
Armor: Scale mail        |   100 |    21 |    18 |       |       ||   139
       Fire dragon scale |       |       |    33 |    41 |       ||    74
       Chain mail        |       |       |       |    51 |       ||    51
       Plate armour      |       |       |       |   105 |    21 ||   126
Dodge: Dodged            |    81 |    29 |    66 |   211 |    20 ||   407
Block: Buckler           |    42 |    13 |    32 |   121 |    14 ||   222
